Map: Wolfe Industries Compound

Players

Grumm - Winner!

  • Race: Protoss Protoss
  • League: Gold
  • Spawn Location: 7:00

Illorn - Winner!

  • Race: Zerg Zerg
  • Spawn Location: 7:00

xturbox

  • Race: Terran Terran
  • Spawn Location: 12:00

trab

  • Race: Terran Terran
  • Spawn Location: 3:00

VOD

Have the link to the VOD?

Description

Time

  • Played on: Jan. 5, 2016, 2:19 a.m.
  • Length: 15:02
Show
View Real Time Build Order
Export as new Build Order

Grumm Protoss - Winner!

Build Orders:  

Get SALT Encoding   

  12  0:13  Pylon  
  13  0:14  Probe (Chrono Boost)  
  13  0:26  Assimilator  
  13  0:29  Probe (Chrono Boost)  
  14  0:39  Gateway  
  15  0:43  Probe (Chrono Boost)  
  15  0:53  Probe (Chrono Boost)  
  16  1:01  Gateway  
  16  1:05  Probe (Chrono Boost)  
  17  1:15  Probe (Chrono Boost)  
  18  1:26  Pylon, Probe (Chrono Boost)  
  19  1:34  Cybernetics Core  
  19  1:38  Probe (Chrono Boost)  
  20  1:49  Probe (Chrono Boost)  
  20  1:50  Assimilator  
  21  2:00  Probe (Chrono Boost)  
  22  2:12  Adept x2  
  22  2:14  Warp Gate (Chrono Boost)  
  26  2:26  Pylon  
  26  2:35  Twilight Council  
  26  2:39  Adept  
  26  2:40  Adept  
  30  2:58  Probe  
  30  3:04  Gateway  
  31  3:06  Adept  
  31  3:08  Pylon  
  33  3:46  Nexus  
  33  4:03  Resonating Glaives (Chrono Boost)  
  33  4:06  Probe (Chrono Boost)  
  34  4:12  Pylon  
  34  4:15  Stalker  
  34  4:16  Adept  
  34  4:17  Adept  
  40  4:30  Pylon  
  40  4:34  Gateway  
  40  4:37  Gateway  
  40  4:41  Pylon  
  38  5:19  Probe  
  38  5:20  Probe  
  40  5:29  Zealot x3  
  40  5:31  Assimilator, Probe  
  40  5:32  Probe  
  44  5:37  Assimilator  
  44  5:44  Probe  
  44  5:48  Dark Shrine  
  45  5:56  Probe  
  45  5:58  Probe  
  47  6:10  Probe  
  48  6:14  Stalker  
  48  6:15  Zealot x2  
  54  6:25  Pylon  
  54  6:29  Zealot  
  54  6:30  Zealot  
  58  6:38  Probe  
  58  6:40  Probe  
  58  6:45  Charge (Chrono Boost)  
  58  6:46  Forge  
  60  6:49  Mothership Core  
  60  6:52  Probe  
  63  6:56  Pylon  
  43  7:26  Zealot x5  
  47  7:39  Gateway  
  47  7:44  Pylon  
  47  7:56  Gateway  
  47  7:58  Stalker  
  47  7:59  Stalker x3  
  47  8:02  Dark Templar  
  57  8:16  Probe  
  57  8:17  Probe  
  59  8:20  Protoss Ground Weapons Level 1  
  59  8:24  Forge  
  59  8:27  Pylon  
  59  8:31  Dark Templar  
  59  8:33  Sentry  
  63  8:36  Sentry  
  63  8:37  Sentry  
  67  8:45  Nexus  
  67  8:46  Dark Templar x2  
  67  9:23  Dark Templar x6  
  67  9:24  Dark Templar  
  57  10:20  Dark Templar x4  
  57  10:21  Dark Templar x3  
  61  10:27  Pylon, Probe x2  
  61  10:29  Probe  
  64  10:41  Probe  
  65  10:44  Archon x2  
  65  10:45  Archon  
  65  10:54  Assimilator  
  65  10:56  Assimilator  
  63  11:00  Protoss Shields Level 1, Protoss Ground Armor Level 1  
  63  11:04  Gateway  
  63  11:06  Pylon  
  63  11:12  Dark Templar  
  63  11:13  Stalker x2  
  63  11:14  Stalker x4  
  66  11:23  Pylon  
  60  11:53  Dark Templar x2  
  64  11:55  Zealot x2  
  64  11:56  Zealot x2  
  38  13:32  Zealot x6  
  48  13:51  Probe  
  48  13:52  Probe  
  50  14:02  Probe, Dark Templar x4  
  58  14:04  Probe  
  58  14:06  Archon x2  
  60  14:12  Probe  
  60  14:17  Probe  
Show
View Real Time Build Order
Export as new Build Order

Illorn Zerg - Winner!

Build Orders: Hatch First 

Get SALT Encoding   

  12  0:03  Drone  
  13  0:33  Hatchery  
  12  0:50  Spawning Pool  
  12  0:53  Drone  
  12  0:57  Drone  
  13  1:07  Overlord  
  13  1:14  Drone  
  14  1:19  Extractor  
  13  1:27  Drone x2  
  15  1:36  Queen  
  17  1:46  Drone x2  
  19  1:58  Queen  
  21  2:05  Drone  
  21  2:07  Drone  
  23  2:17  Spine Crawler  
  22  2:23  Drone x2  
  22  2:28  Metabolic Boost  
  24  2:45  Spore Crawler  
  24  2:50  Extractor  
  22  2:51  Drone x2  
  22  2:52  Drone x2  
  22  2:56  Overlord  
  22  2:57  Drone  
  27  3:05  Spore Crawler  
  26  3:23  Drone x3  
  26  3:24  Drone  
  30  3:38  Evolution Chamber  
  30  3:39  Drone  
  30  3:43  Zergling x8  
  30  3:45  Overlord  
  30  3:46  Overlord  
  34  4:02  Roach Warren  
  33  4:07  Baneling Nest  
  33  4:08  Zerg Ground Armor Level 1  
  32  4:26  Drone  
  32  4:27  Drone x6  
  39  4:33  Spore Crawler  
  38  4:41  Evolution Chamber  
  38  4:44  Roach  
  38  4:45  Roach x2  
  43  4:51  Extractor  
  42  4:54  Lair  
  42  5:10  Zerg Melee Weapons Level 1  
  42  5:12  Overlord x2  
  42  5:13  Zergling x6  
  45  5:17  Zergling x4  
  47  5:24  Drone x2  
  49  5:31  Spine Crawler  
  48  5:40  Drone x3  
  51  5:50  Extractor  
  51  5:55  Burrow  
  50  6:04  Zerg Ground Armor Level 2  
  50  6:28  Hatchery  
  50  6:32  Drone  
  50  6:33  Drone x7  
  50  6:34  Drone x4  
  61  6:48  Infestation Pit  
  61  6:49  Centrifical Hooks  
  60  7:01  Nydus Network  
  59  7:23  Overlord x3  
  59  7:28  Glial Reconstitution  
  59  7:48  Hydralisk Den  
  58  7:53  Zerg Missile Weapons Level 1  
  58  7:58  Overseer  
  58  8:02  Baneling  
  58  8:03  Baneling x4  
  58  8:04  Baneling x3  
  58  8:05  Baneling x5  
  58  8:06  Baneling x3  
  58  8:11  Zergling x2  
  58  8:12  Zergling x32  
  75  8:18  Lurker Den  
  75  8:23  Drone x2  
  75  8:24  Queen  
  79  8:36  Hatchery  
  79  8:37  Zerg Melee Weapons Level 2  
  79  8:41  Hive  
  78  8:45  Drone  
  78  8:46  Drone x11  
  78  8:47  Tunneling Claws  
  86  9:14  Hydralisk x2, Roach x3  
  96  9:17  Overlord  
  96  9:18  Overlord x3  
  69  9:56  Extractor  
  69  9:58  Extractor  
  67  10:03  Hydralisk x5  
  67  10:04  Hydralisk x5  
  87  10:13  Nydus Canal  
  87  10:20  Hatchery, Zerg Missile Weapons Level 2  
  86  10:48  Nydus Canal  
  86  10:52  Muscular Augments  
  86  10:55  Zerg Ground Armor Level 3  
  86  11:14  Hydralisk  
  86  11:15  Hydralisk x8  
  104  11:33  Drone  
  104  11:38  Hydralisk x4  
  104  11:39  Hydralisk x3  
  119  11:48  Hydralisk  
  119  11:49  Hydralisk x2  
  122  12:51  Hatchery  
  122  12:53  Overlord  
  122  12:54  Overlord x5  
  122  12:55  Overlord  
  121  13:01  Hatchery  
  120  13:23  Nydus Canal  
  120  13:33  Hatchery  
  119  13:45  Drone  
  119  13:46  Drone x24  
  144  14:15  Hydralisk  
  144  14:16  Hydralisk x9  
Show
View Real Time Build Order
Export as new Build Order

xturbox Terran 

Build Orders: Command Center First (CC) 

Get SALT Encoding   

  12  0:11  SCV  
  13  0:23  SCV  
  14  0:43  SCV  
  15  1:26  Command Center  
  15  1:35  Supply Depot  
  15  1:43  Command Center  
  15  1:44  Refinery  
  15  1:57  SCV  
  15  1:58  Barracks  
  16  2:09  SCV  
  17  2:21  SCV  
  18  2:29  Engineering Bay  
  18  2:33  SCV  
  19  2:45  SCV  
  20  2:52  Refinery  
  20  2:57  SCV  
  21  3:09  SCV  
  22  3:18  SCV  
  23  3:21  SCV  
  23  3:30  SCV  
  23  3:33  SCV  
  25  3:42  SCV  
  25  3:46  SCV  
  27  4:08  Marine  
  28  4:14  Factory  
  28  4:17  Refinery x2  
  28  4:20  Orbital Command  
  28  4:23  Orbital Command  
  28  4:26  Marine  
  28  4:28  Planetary Fortress  
  29  4:43  Marine  
  30  4:52  SCV  
  31  4:53  SCV  
  32  5:01  Marine  
  32  5:04  SCV  
  32  5:05  SCV  
  35  5:16  SCV  
  35  5:17  Factory Tech Lab  
  35  5:18  SCV  
  37  5:25  Starport  
  37  5:29  Starport  
  37  5:31  Starport  
  37  5:35  Starport, SCV  
  38  5:43  Siege Tank  
  38  5:45  SCV  
  38  5:47  SCV  
  43  5:57  SCV  
  43  6:00  SCV  
  45  6:09  SCV  
  46  6:12  SCV  
  47  6:21  SCV  
  47  6:33  SCV  
  47  6:36  Starport Tech Lab x3  
  47  6:37  Starport Tech Lab  
  48  6:46  Armory x2  
  48  6:52  Fusion Core  
  48  6:53  SCV  
  49  7:01  Command Center  
  49  7:05  SCV  
  50  7:13  Supply Depot  
  50  7:15  Supply Depot  
  50  7:16  Supply Depot  
  50  7:17  SCV  
  50  7:18  Supply Depot  
  51  7:28  Siege Tank  
  53  7:34  SCV  
  54  7:37  Terran Ship Weapons Level 1  
  54  7:38  Terran Vehicle And Ship Armor Level 1  
  54  7:41  SCV  
  55  7:46  SCV  
  56  7:53  Refinery, SCV  
  56  7:56  Refinery  
  57  7:58  SCV  
  57  8:00  Battlecruiser x3  
  76  8:11  SCV  
  77  8:23  SCV  
  78  8:35  SCV  
  73  9:17  Battlecruiser x2  
  38  10:42  Banshee x3  
  47  10:51  SCV  
  48  11:03  SCV  
  49  11:15  SCV  
  50  11:27  SCV  
  52  11:40  SCV  
Show
View Real Time Build Order
Export as new Build Order

trab Terran 

Build Orders:  

Get SALT Encoding   

  12  0:02  SCV  
  13  0:14  SCV  
  14  0:27  Supply Depot  
  14  0:30  SCV  
  15  0:49  Supply Depot  
  15  0:55  Barracks  
  15  0:59  SCV  
  16  1:11  Supply Depot  
  16  1:32  Refinery, SCV  
  17  1:39  Barracks  
  17  2:16  SCV  
  17  2:17  Barracks Tech Lab  
  18  2:34  Engineering Bay  
  18  2:35  Orbital Command  
  18  2:40  Refinery  
  18  2:50  Barracks Reactor  
  18  2:57  Marauder  
  20  3:19  Command Center  
  20  3:27  Marine  
  20  3:29  Marine x2  
  23  3:41  SCV  
  23  4:08  Marauder  
  23  4:09  Marine x2  
  27  4:26  Marine  
  27  4:27  Marine  
  27  4:28  Terran Infantry Weapons Level 1  
  27  4:30  Marauder  
  31  4:34  Factory  
  31  4:44  Marine x2  
  33  4:49  Stimpack  
  31  4:57  Marauder  
  33  5:02  Marine  
  33  5:18  Marauder  
  33  5:21  Factory Tech Lab  
  35  5:32  Marine x2  
  35  5:33  Bunker  
  37  5:41  Marauder  
  39  5:59  Supply Depot  
  39  6:20  Marauder  
  41  6:29  Terran Infantry Armor Level 1  
  41  6:57  Armory  
  41  7:09  Missile Turret  
  41  7:13  Supply Depot  
  41  7:34  Starport  
  41  7:35  Supply Depot  
  41  7:40  Infernal Pre-Igniter  
  41  7:42  Siege Tank  
  44  7:47  Terran Vehicle Weapons Level 1  
  44  7:51  Supply Depot  
  44  7:56  Missile Turret  
  44  8:06  Barracks  
  44  8:17  Marauder, Marine x2  
  48  8:35  Marine x2  
  48  8:38  Marauder  
  48  8:39  Starport Tech Lab  
  52  8:43  Starport Reactor  
  52  8:52  Thor  
  32  9:43  Medivac x2  
  33  9:47  Marauder  
  35  10:08  Marauder  
  35  10:13  Medivac x2  
  40  10:30  Marauder, Supply Depot  
  5  13:53  Starport Tech Lab  
  5  14:09  Siege Tank  
Tags
 
Add a new tag
Caveats
  • Supply blocks, unpowered buildings, or Contaminate may cause inaccurate times.
  • Supply counts are checked every 10 seconds.